 Dungeon Crawl Stone Soup version 0.28.0-1-gb440e238dd (webtiles) character file.

Game seed: 9843743432880445089

7 Kraken2834 the Firebug (level 1, 0/14 HPs)
             Began as a Draconian Fire Elementalist on Feb 22, 2022.
             Frozen to death by an endoplasm (4 damage)
             ... on level 1 of the Dungeon.
             The game lasted 00:00:24 (74 turns).

Kraken2834 the Firebug (Draconian Fire Elementalist)  Turns: 74, Time: 00:00:25

Health: 0/14       AC:  4    Str: 10    XL:     1   Next: 91%
Magic:  1/3        EV: 12    Int: 15    God:
Gold:   0          SH:  0    Dex: 11    Spells: 3/4 levels left

rFire   . . .      SeeInvis .   (no weapon)
rCold   . . .      Faith    .   (no shield)
rNeg    . . .      Spirit   .   (armour unavailable)
rPois   .          Reflect  .   (helmet restricted)
rElec   .          Harm     .   (no cloak)
rCorr   .          Rampage  .   (no gloves)
Will    .....                   (no boots)
Stlth   ++........              (no amulet)
HPRegen 0.04/turn               (no ring)
MPRegen 0.08/turn               (no ring)

@: no status effects
A: AC +4, unfitting armour, cold-blooded
a: no special abilities


You were on level 1 of the Dungeon.
You visited 1 branch of the dungeon, and saw 1 of its levels.

You aren't carrying anything.


   Skills:
 + Level 0.0 Fighting
 + Level 1.9 Dodging
 - Level 1.9 Stealth
 + Level 2.1 Spellcasting
 + Level 1.2 Conjurations
 * Level 3.1 Fire Magic


You had 3 spell levels left.
You knew the following spells:

 Your Spells              Type           Power      Damage    Failure   Level
a - Foxfire               Conj/Fire      32%        2x1d5     9%          1

Your spell library contained the following spells:

 Spells                   Type           Power      Damage    Failure   Level
 Scorch                   Fire           20%        2d6       10%         2
 Conjure Flame            Conj/Fire      8%         6-21      26%         3
 Inner Flame              Hex/Fire       6%         N/A       34%         3
 Flame Wave               Conj/Fire      8%         2d5       65%         4


Dungeon Overview and Level Annotations

Branches:
Dungeon (1/15)

Altars:


Innate Abilities, Weirdness & Mutations

Your plain brown scales are hard. (AC +4)
You cannot fit into any form of body armour.
You are cold-blooded and may be slowed by cold attacks.


Message History

An endoplasm comes into view.
A ball python comes into view.
A ball python comes into view.
You conjure some foxfire!
The ball python hisses angrily.
The endoplasm quivers.
The ball python hisses angrily.
The foxfire hits the ball python.
You kill the ball python!
The foxfire hits the endoplasm but does no damage.
A kobold and a goblin come into view.
The goblin shouts!
A quokka comes into view.
You conjure some foxfire!
The ball python bites you but does no damage.
The ball python misses you.
The foxfire hits the ball python.
You kill the ball python!
The foxfire hits the goblin.
You kill the goblin!
The endoplasm freezes you.
You are frozen.
You feel yourself slow down. The endoplasm freezes you.
You are frozen.
You feel as though you will be slow longer.
The endoplasm hits you but does no damage.
The endoplasm closely misses you.
The quokka twitches its whiskers.
The endoplasm freezes you.
You are frozen.
You feel as though you will be slow longer.
The endoplasm freezes you.
You are frozen.
You feel as though you will be slow longer.
You are too injured to fight recklessly!
You feel yourself speed up. The endoplasm hits you.
* * * LOW HITPOINT WARNING * * *
The endoplasm freezes you.
You are frozen.
You die...

...####...#
.........# #.)....#
#....# ##...####
#......### #....#...#
# #....#.Jr# ###.
#.≈≈.#..@# #....
#.≈≈.###......#
#.....#......####...#
#.........#### ...#
#......)..# ..#
#####..........# ##
##.........#
#.........#
###......K#


You could see an endoplasm and a quokka.

Vanquished Creatures
  2 ball pythons (D:1)
  2 goblins (D:1)
  2 jackals (D:1)
6 creatures vanquished.

Vanquished Creatures (others)
  9 foxfires (D:1)
9 creatures vanquished.

Grand Total: 15 creatures vanquished

Notes
Turn   | Place    | Note
-------+----------+-------------------------------------------
     0 | D:1      | Kraken2834 the Draconian Fire Elementalist began the quest
                  | for the Orb.
     0 | D:1      | Reached XP level 1. HP: 14/14 MP: 3/3
    74 | D:1      | Frozen to death by an endoplasm

Illustrated notes

Levels and vault maps discovered:
D:1:      amcnicky_arrival_double_pillar, layout_basic,
          shapermc_ecumenical_altar_acropolis

Action                   || total
-------------------------++-------
 Cast: Foxfire           ||     6
Armor: Skin              ||     2
Dodge: Dodged            ||     2
